 Dungeon Crawl Stone Soup version 0.29-a0-350-g7790a0e70a (webtiles) character file.

Game seed: 10356401661584075815

100 zishaf the Sneak (level 4, -2/23 HPs)
             Began as a Vine Stalker Brigand on Apr 22, 2022.
             Splashed by a jelly's acid (5 damage)
             ... on level 2 of the Dungeon.
             The game lasted 00:02:43 (1995 turns).

zishaf the Sneak (Vine Stalker Brigand)             Turns: 1995, Time: 00:02:44

Health: -2/23      AC:  3    Str: 13    XL:     4   Next: 73%
Magic:  0/5        EV: 11    Int: 11    God:
Gold:   43         SH:  0    Dex: 18    Spells: 3/3 levels left

rFire   . . .      SeeInvis .   a - +2 dagger
rCold   . . .      Faith    .   (no shield)
rNeg    . . .      Spirit   +   s - +2 robe {Will+}
rPois   .          Reflect  .   q - +0 helmet
rElec   +          Harm     .   c - +0 cloak
rCorr   .          Rampage  .   j - +0 pair of gloves
Will    +....                   (no boots)
Stlth   ++........              t - amulet "Zeconwoequ" {Contam Fly rElec Regen+ Stlth-}
HPRegen 1.67/turn               (no ring)
MPRegen 0.09/turn               (no ring)

@: corroded, flying
A: fangs 2, regeneration 1, magic shield, antimagic bite, no potion heal 2
a: no special abilities


You were on level 2 of the Dungeon.
You visited 1 branch of the dungeon, and saw 2 of its levels.

You collected 43 gold pieces.

Inventory:

Hand Weapons
 a - a +2 dagger (weapon)
 b - a +0 hunting sling
Missiles
 d - 9 poisoned darts (quivered)
 e - 3 curare-tipped darts
 f - 8 boomerangs
Armour
 c - a +0 cloak (worn)
 j - a +0 pair of gloves (worn)
 q - a +0 helmet (worn)
 s - a +2 robe of willpower (worn)
Jewellery
 o - an amulet of magic regeneration
 t - the amulet "Zeconwoequ" (around neck) {Contam Fly rElec Regen+ Stlth-}
   (You found it on level 2 of the Dungeon)

   [amulet of regeneration]

   rElec:     It insulates you from electricity.
   Fly:       It grants you flight.
   Contam:    It causes magical contamination when unequipped.
   Regen:     It increases your rate of health regeneration.
   Stlth:     It makes you less stealthy.
Scrolls
 i - 4 scrolls of identify {unknown}
 n - a scroll of teleportation {unknown}
 p - a scroll of vulnerability {unknown}
 v - a scroll of summoning {unknown}
 w - a scroll of fog {unknown}
Potions
 g - a potion of degeneration {unknown}
 h - 3 potions of curing {unknown}
 k - a potion of mutation {unknown}
 l - a potion of lignification {unknown}
 m - a potion of ambrosia {unknown}
 r - a potion of might {unknown}
 u - a potion of flight {unknown}


   Skills:
 + Level 2.5 Fighting
 + Level 2.6 Short Blades
 + Level 2.6 Throwing
 - Level 0.7 Dodging
 + Level 5.6 Stealth


You had 3 spell levels left.
You didn't know any spells.
Your spell library was empty.

Dungeon Overview and Level Annotations

Branches:
Dungeon (2/15)

Altars:


Innate Abilities, Weirdness & Mutations

You have extremely sharp teeth.
Your natural rate of healing is unusually fast.
When hurt, damage is shared between your health and your magic reserves.
Your bite disrupts and absorbs the magic of your enemies.
Potions cannot restore your health.


Message History

A goblin comes into view. It is wielding a +0 club.
A goblin is nearby!
The goblin shouts!
You hit the goblin.
The goblin is moderately wounded.
The goblin closely misses you.
You hit the goblin.
The goblin is severely wounded.
A jelly comes into view.
The goblin closely misses you.
The jelly quivers.
You hit the goblin.
You kill the goblin!
You hit the jelly.
Your hands burn!
The jelly is lightly wounded.
You completely miss the jelly. You bite the jelly. You drain its power.
You feel invigorated.
The jelly is moderately wounded.
The jelly closely misses you.
You hit the jelly. The acid corrodes you!
Your hands burn!
You bite the jelly. You drain its power.
You feel invigorated.
The jelly is severely wounded.
The jelly closely misses you.
You hit the jelly.
Your hands burn!
The jelly is severely wounded.
The jelly closely misses you.
You hit the jelly.
Your hands burn!
You bite the jelly, but do no damage.
The jelly is severely wounded.
The jelly hits you.
You are splashed with acid!
You hit the jelly but do no damage.
Your hands burn!
The jelly is severely wounded.
The jelly misses you.
You barely miss the jelly.
The jelly is severely wounded.
The jelly hits you.
You are splashed with acid!
* * * LOW HITPOINT WARNING * * *
You are too injured to fight recklessly!
You aren't carrying any items that you can evoke.
You hit the jelly.
Your hands burn!
You die...

####### #......
#.##### #.# #.# ####
#.##### ..###.#
#.#.... #J....#
#.#.### #@# #.#.###
#.# #.#.##. ###.###
#.#.### #.....#
##.#.###
#.#.#.#######.......
#.#...........#####<
# #.#.#######.# #.
.............# #.
#############.# #.


You could see a jelly.

Vanquished Creatures
  Jessica (D:2)
  A worm (D:2)
  2 dart slugs (D:1)
  8 ball pythons
  6 endoplasms
  2 giant cockroaches
  6 goblins
  8 hobgoblins
  2 jackals (D:2)
  5 quokkas
  7 bats
  3 frilled lizards
  4 kobolds
  5 rats
60 creatures vanquished.

Notes
Turn   | Place    | Note
-------+----------+-------------------------------------------
     0 | D:1      | zishaf the Vine Stalker Brigand began the quest for the
                  | Orb.
     0 | D:1      | Reached XP level 1. HP: 11/11 MP: 2/2
    44 | D:1      | Reached skill level 5 in Stealth
    44 | D:1      | Reached XP level 2. HP: 5/15 MP: 1/3
   487 | D:1      | Reached XP level 3. HP: 17/18 MP: 4/4
  1188 | D:2      | Found a faded altar of an unknown god.
  1616 | D:2      | Gained mutation: Your natural rate of healing is unusually
                  | fast. [Vine Stalker growth]
  1616 | D:2      | Reached XP level 4. HP: 21/23 MP: 5/5
  1725 | D:2      | Noticed Jessica
  1727 | D:2      | Identified the amulet "Zeconwoequ" {Contam Fly rElec Regen+
                  | Stlth-}
  1730 | D:2      | Killed Jessica
  1995 | D:2      | Splashed by a jelly's acid

Illustrated notes

Levels and vault maps discovered:
D:1:      nicolae_arrival_somewhat_less_tricky_arrival, layout_rooms,
          minmay_misc_feat_nine_boxes, chequers_jeans, minmay_small_reverse_x
D:2:      layout_loops_ring, shapermc_ecumenical_altar_petra, uniq_jessica

Skill      XL: |  1 |
---------------+----+-----
Fighting       | 2 |  2.5
Short Blades   | 2 |  2.6
Throwing       | 2 |  2.6
Stealth        | 5 |  5.6
Dodging        | |  0.7

Action                   |  1- 3 |  4- 6 || total
-------------------------+-------+-------++-------
Melee: Dagger            |    94 |    36 ||   130
       Bite              |    21 |     9 ||    30
       Punch             |     1 |       ||     1
 Stab: Sleeping          |    15 |     9 ||    24
       Distracted        |     1 |       ||     1
Armor: Robe              |    22 |     7 ||    29
Dodge: Dodged            |    35 |    16 ||    51

Table legend: (Time is in decaauts)
 A = Elapsed time spent in this place.
 B = Non-inter-level travel time spent in this place.
 C = Inter-level travel time spent in this place.
 D = Time resting spent in this place.
 E = Time spent auto-exploring this place.
 F = Levels seen in this place.
 G = Mean time per level.
                   A        B        C        D        E       F      G
               +--------+--------+--------+--------+--------+-----+--------+
         Total |   1980 |   1977 |      3 |      0 |   1571 |   2 |  990.0 |
       Dungeon |   1980 |   1977 |      3 |      0 |   1571 |   2 |  990.0 |
               +--------+--------+--------+--------+--------+-----+--------+

Top non-repeatable levels by time:
     D:1: 1167 daAuts
     D:2: 813 daAuts
